 Dungeon Crawl Stone Soup version 0.25-a0-246-g58704a1ebd (webtiles) character file.

Game seed: 4835895499303993078, levelgen mode: classic

483 Borgoz the Cutter (level 7, -3/44 HPs)
             Began as a Kobold Gladiator on Dec 4, 2019.
             Killed from afar by an orc wizard (8 damage)
             ... with a puff of frost
             ... on level 3 of the Dungeon.
             The game lasted 00:04:31 (2984 turns).

Borgoz the Cutter (Kobold Gladiator)                Turns: 2984, Time: 00:04:32

Health: -3/44      AC:  4    Str: 15    XL:     7   Next: 35%
Magic:  7/7        EV: 18    Int: 10    God:
Gold:   77         SH:  0    Dex: 16    Spells: 6/6 levels left

rFire    . . .     SeeInvis .   a - +0 rapier
rCold    . . .     Gourm    .   (shield restricted)
rNeg     . . .     Faith    .   b - +0 leather armour
rPois    .         Spirit   .   c - +0 helmet
rElec    .         Reflect  .   (no cloak)
rCorr    .         Harm     .   (no gloves)
MR       .....                  (no boots)
Stlth    ++........             (no amulet)
HPRegen  0.14/turn              h - +2 ring of strength
MPRegen  0.10/turn              (no ring)

@: flying, hasted, very quick
A: small, carnivore
a: no special abilities


You were on level 3 of the Dungeon.
You were completely stuffed.

You visited 1 branch of the dungeon, and saw 3 of its levels.

You collected 77 gold pieces.

Inventory:

Hand Weapons
 a - a +0 rapier (weapon)
Missiles
 d - 2 throwing nets (quivered)
Armour
 b - a +0 leather armour (worn)
 c - a +0 helmet (worn)
Jewellery
 h - a +2 ring of strength (left hand)
Wands
 e - a wand of iceblast (6)
Scrolls
 i - a scroll of amnesia {unknown}
 j - 4 scrolls of identify {unknown}
 k - a scroll of fear
 l - a scroll of remove curse {unknown}
 m - a scroll of fog {unknown}
 o - 3 scrolls of enchant armour {unknown}
 p - 3 scrolls of teleportation {unknown}
Potions
 n - a potion of haste
 q - a potion of curing {unknown}
Comestibles
 f - 6 rations


   Skills:
 * Level 4.4 Fighting
 * Level 6.1 Short Blades
 - Level 2.1 Throwing
 + Level 1.8 Armour
 * Level 5.7 Dodging
 + Level 3.2 Stealth


You had 6 spell levels left.
You didn't know any spells.
Your spell library was empty.

Dungeon Overview and Level Annotations

Branches:
Dungeon (3/15)

Altars:
Makhleb


Innate Abilities, Weirdness & Mutations

You are small and have problems with some larger weapons.
You are carnivorous and can eat meat at any time.


Message History

An orc wizard comes into view. It is wielding a +0 dagger.
An orc wizard comes into view. It is wielding a +0 dagger.
The orc wizard shouts! x2; You hear a shout!
The orc hits you with a +0 mace!
* * * LOW HITPOINT WARNING * * *
The orc wizard points at you and mumbles some strange words.
The magic dart hits you.
* * * LOW HITPOINT WARNING * * *
The orc wizard hits you but does no damage.
It was a potion of haste.
You feel yourself speed up.
An orc comes into view.
The orc hits you with a +0 mace.
* * * LOW HITPOINT WARNING * * *
The orc wizard barely misses you. The orc wizard misses you.
It was a potion of flight.
You feel very buoyant.
You fly up into the air.
The orc wizard points at you and mumbles some strange words.
The puff of frost hits you!
You die...

..... ##............
..... #......##..#.
.....#............##.##
.....#......?..........
....)..........).###.#
.....#........[...#
#... .....##...)[.# ##
##...#......o##
###.#.....@o.# ###
#.......o#o# ..###
###)######... <...# #.#
..## ##..# #.# .## #..#
..# .# #### ##># .# ##
### .. .#


You could see 2 orc wizards and 2 orcs.

Vanquished Creatures
  Sigmund (D:2)
  An ogre (D:3)
  2 orc wizards (D:3)
  Terence (D:2)
  3 adders (D:2)
  4 gnolls (D:3)
  A shadow imp (D:2)
  3 worms
  4 dart slugs
  A leopard gecko (D:1)
  6 orcs (D:3)
  2 ball pythons
  2 giant cockroaches (D:1)
  4 goblins (D:1)
  7 hobgoblins
  3 jackals (D:1)
  11 kobolds
  6 bats
  4 frilled lizards
  8 rats
74 creatures vanquished.

Notes
Turn   | Place    | Note
-------+----------+-------------------------------------------
     0 | D:1      | Borgoz the Kobold Gladiator began the quest for the Orb.
     0 | D:1      | Reached XP level 1. HP: 12/12 MP: 1/1
    57 | D:1      | Reached XP level 2. HP: 18/18 MP: 2/2
   421 | D:1      | Reached XP level 3. HP: 22/22 MP: 3/3
   425 | D:1      | Reached skill level 1 in Stealth
  1270 | D:2      | Reached XP level 4. HP: 18/27 MP: 4/4
  1825 | D:2      | Noticed Terence
  1846 | D:2      | Killed Terence
  1846 | D:2      | Reached skill level 1 in Armour
  1846 | D:2      | Reached XP level 5. HP: 32/32 MP: 5/5
  2002 | D:2      | Reached skill level 5 in Short Blades
  2087 | D:2      | Noticed Sigmund
  2095 | D:2      | Killed Sigmund
  2095 | D:2      | Reached skill level 5 in Dodging
  2095 | D:2      | Reached XP level 6. HP: 19/38 MP: 6/6
  2290 | D:2      | Found a burning altar of Makhleb.
  2424 | D:3      | Noticed an ogre
  2465 | D:3      | Killed an ogre
  2465 | D:3      | Reached XP level 7. HP: 35/43 MP: 7/7
  2675 | D:3      | Reached skill level 6 in Short Blades
  2984 | D:3      | Killed from afar by an orc wizard

Levels and vault maps discovered:
D:1:      mrwooster_arrival_statue, layout_basic, fountainhead
D:2:      layout_rooms, makhleb_grotto_becter, first_ration, uniq_terence,
          uniq_sigmund
D:3:      layout_rooms, nicolae_tso_swordbearing_angel

Skill      XL: |  1  2  3  4  5  6  7 |
---------------+----------------------+-----
Dodging        | 4 5 |  5.7
Stealth        | 1 2 3 |  3.2
Fighting       | 3 4 |  4.4
Armour         | 1 |  1.8
Short Blades   | 5 6 |  6.1
Throwing       | |  2.1

Action                   |  1- 3 |  4- 6 |  7- 9 || total
-------------------------+-------+-------+-------++-------
Melee: Rapier            |   142 |   101 |    74 ||   317
Throw: Throwing net      |       |     2 |       ||     2
Evoke: Wand              |       |       |     2 ||     2
  Use: Scroll            |     1 |       |       ||     1
       Potion            |       |     1 |     2 ||     3
 Stab: Sleeping          |     3 |     1 |       ||     4
       Held in net/web   |       |     4 |       ||     4
  Eat: Chunk             |    10 |     2 |     3 ||    15
Armor: Leather armour    |    23 |    17 |    12 ||    52
Dodge: Dodged            |   128 |    88 |    49 ||   265

Table legend:
 A = Non-vault XP
 B = Vault XP
 C = Vault XP percentage of total XP
 D = Non-vault monster count
 E = Vault monster count
 F = Vault count percentage of total count
                 A         B        C        D         E       F
            +---------+---------+-------+---------+---------+-------
      Total |     417 |     274 |  39.7 |      71 |       3 |   4.1
            +---------+---------+-------+---------+---------+-------
        D:1 |      64 |       0 |   0.0 |      37 |       0 |   0.0
        D:2 |      70 |     274 |  79.7 |      17 |       3 |  15.0
        D:3 |     283 |       0 |   0.0 |      17 |       0 |   0.0
            +---------+---------+-------+---------+---------+-------
